 Dungeon Crawl Stone Soup version 0.21-a0-297-ga3d34c2 (webtiles) character file.

57 Hasart the Cudgeler (level 3, 0/30 HPs)
             Began as a Demigod Warper on Sept 28, 2017.
             Slain by a ball python (2 damage)
             ... on level 2 of the Dungeon.
             The game lasted 00:02:48 (1223 turns).

Hasart the Cudgeler (Demigod Warper)                Turns: 1223, Time: 00:02:49

Health: 0/30       AC:  3    Str: 16    XL:     3   Next: 50%
Magic:  8/8        EV:  6    Int: 17    God:
Gold:   47         SH:  9    Dex: 15    Spells: 6/6 levels left

rFire    . . .     SeeInvis .   a - +0 mace
rCold    + + .     Gourm    .   n - +2 shield
rNeg     . . .     Faith    .   b - +0 leather armour
rPois    .         Spirit   .   (no helmet)
rElec    .         Reflect  .   (no cloak)
rCorr    .         Harm     .   (no gloves)
MR       .....                  (no boots)
Stlth    +.........             (no amulet)
HPRegen  0.10/turn              m - ring of protection from cold
MPRegen  0.11/turn              o - ring of protection from cold

@: constricted
A: high mp 1
a: no special abilities


You were on level 2 of the Dungeon.
You were not hungry.

You visited 1 branch of the dungeon, and saw 2 of its levels.

You collected 47 gold pieces.

Inventory:

Hand Weapons
 a - a +0 mace (weapon)
Missiles
 e - 4 tomahawks of dispersal (quivered)
Armour
 b - a +0 leather armour (worn)
 n - a +2 shield (worn)
Jewellery
 m - a ring of protection from cold (left hand)
 o - a ring of protection from cold (right hand)
Scrolls
 d - a scroll of blinking
 g - a scroll of random uselessness {unknown}
 i - a scroll of fog {unknown}
 k - a scroll of identify {unknown}
 p - 2 scrolls of enchant armour {unknown}
Potions
 h - a potion of curing {unknown}
 l - a potion of heal wounds {unknown}
Books
 c - a book of Spatial Translocations

   Spells                             Type                      Level
   a - Blink                          Translocation                2
   b - Shroud of Golubria             Charms/Translocation         2
   c - Lesser Beckoning               Translocation                3
   d - Gell's Gravitas                Translocation                3
   e - Teleport Other                 Translocation                3
   f - Passage of Golubria            Translocation                4
Comestibles
 f - 3 bread rations
 j - a meat ration


   Skills:
 + Level 2.4 Fighting
 * Level 2.8 Maces & Flails
 - Level 0.8 Throwing
 - Level 0.8 Armour
 - Level 1.8 Dodging
 + Level 0.6 Shields
 - Level 2.0 Spellcasting
   Level 2.6 Translocations


You had 6 spell levels left.
You didn't know any spells.

Dungeon Overview and Level Annotations

Branches:
Dungeon (2/15)


Innate Abilities, Weirdness & Mutations

You have an increased reservoir of magic. (+10% MP)


Message History

You closely miss the ball python. The ball python barely misses you.
The ball python misses you. The ball python closely misses you.
The ball python barely misses you.
You barely miss the ball python. The ball python bites you.
* * * LOW HITPOINT WARNING * * *
You block the ball python's attack. x2; The ball python grabs you.
The ball python constricts you.
You closely miss the ball python. The ball python bites you.
* * * LOW HITPOINT WARNING * * *
The ball python constricts you.
You closely miss the ball python. The ball python bites you.
* * * LOW HITPOINT WARNING * * *
x2 The ball python constricts you.
The ball python bites you.
* * * LOW HITPOINT WARNING * * *
The ball python constricts you.
Your shield prevents you from hitting the ball python.
The ball python bites you.
* * * LOW HITPOINT WARNING * * *
x2 The ball python constricts you.
The ball python bites you.
You die...

## ..## ...#.## .....#. #.
.#...... #. .## #.....
♣....#...##.##..# ##......
..#..##...#..##.# ........
...#... #@##....##.##.....
....#.. #S#(.......#......
# #....##s#.......##....
#.#.#...sl....?..##..##
#.....#...........†...#
#..........<..#####.#.#
.#...##................#
................####..##
........##.......#...######


You could see a leopard gecko, 2 giant cockroaches and a ball python.

Vanquished Creatures
  Terence (D:2)
  A dart slug (D:1)
  A leopard gecko (D:1)
  2 ball pythons (D:1)
  3 bats (D:1)
  A giant cockroach (D:1)
  3 goblins
  5 hobgoblins (D:1)
  2 frilled lizards
  5 kobolds (D:1)
  5 rats (D:1)
29 creatures vanquished.

Notes
Turn   | Place    | Note
-------+----------+-------------------------------------------
     0 | D:1      | Hasart the Demigod Warper began the quest for the Orb.
     0 | D:1      | Reached XP level 1. HP: 17/17 MP: 5/5
   263 | D:1      | Reached XP level 2. HP: 16/24 MP: 7/7
  1136 | D:2      | Noticed Terence
  1150 | D:2      | Killed Terence
  1150 | D:2      | Reached XP level 3. HP: 30/30 MP: 8/8
  1223 | D:2      | Slain by a ball python

Vault maps used:
D:1:      minmay_arrival_loop
D:2:      okawaru_altar_gauntlet_db, minmay_stone_trees_medium, uniq_terence

Skill      XL: |  1 |
---------------+----+-----
Spellcasting   | 2 |  2.0
Maces & Flails | 2 |  2.8
Fighting       | 2 |  2.4
Throwing       | |  0.8
Armour         | |  0.8
Dodging        | |  1.8
Shields        | |  0.6
Translocations | |  2.6

Action                   || total
-------------------------++-------
Melee: Mace              ||   106
Throw: Tomahawk          ||     1
  Use: Potion            ||     1
  Eat: Chunk             ||     1
Armor: Leather armour    ||    37
       Skin              ||    14
Dodge: Dodged            ||    91
Block: Shield            ||    28

Table legend:
 A = Spawn XP
 B = Non-spawn XP
 C = Spawn XP percentage of total XP
 D = Spawn monster count
 E = Non-spawn monster count
 F = Spawn count percentage of total count
 G = Total turns spent on level
                    A         B        C        D         E        F      G
               +---------+---------+-------+---------+---------+-------+---------
         Total |       0 |      82 |   0.0 |       0 |      29 |   0.0 |  1223
               +---------+---------+-------+---------+---------+-------+---------
           D:1 |       0 |      47 |   0.0 |       0 |      26 |   0.0 |  1136
           D:2 |       0 |      35 |   0.0 |       0 |       3 |   0.0 |    87
               +---------+---------+-------+---------+---------+-------+---------
